 Dungeon Crawl Stone Soup version 0.01-2087-gb5e28fc70b (webtiles) character file.

Game seed: 7416568526620682950, levelgen mode: deterministic

2026 sking99 the Cleaver (level 9, -5/63 HPs) Goblin Fighter. Began on June 1, 2020. Was a Follower of Qazlal. Splashed by a jelly's acid (9 damage) ... on level 5 of the Dungeon. The game lasted 00:22:52 (7225 turns).

sking99 the Cleaver (Goblin Fighter)                Turns: 7225, Time: 00:22:54

Health: -5/63      AC:  8    Str: 10    XL:     9 ^: 1014
Magic:  10/10      EV:  7    Int:  2    God:    Qazlal [*..... (31)]
Gold:   308        SH: 15    Dex:  6    Spells: 8/8 levels left

rFire    . . .     Vision   .   a - +0 war axe
rCold    . . .     Gourm    .   o - +2 heater shield {AC+3}
rNeg     . . .     Faith    .   y - +0 chain mail
rPois    .         Spirit   .   s - +0 helmet
rElec    .         Reflect  .   (no cloak)
rCorr    .         Harm     .   r - +0 pair of gloves
MR       .....                  (no boots)
Stlth    ..........             (no amulet)
HPRegen  0.31/turn              j - ring of protection
MPRegen  0.20/turn              (no ring)

@: lethally poisoned (-5 -> -5), corroded
A: small, stagnant stats, goblin's greed, low mp 1, mutation resistance 1, god's
pity 2
a: Renounce Religion


You were on level 5 of the Dungeon.
You worshipped Qazlal.
Qazlal was aware of your devotion.
You were not hungry.

You visited 2 branches of the dungeon, and saw 6 of its levels.

You collected 258 gold pieces.

Inventory:

Weapons
 a - a +0 war axe (weapon) Shields
 o - a +2 heater shield of protection (shield)
Armour
 r - a +0 pair of gloves (worn)
 s - a +0 helmet (worn)
 y - a +0 chain mail (worn)
Jewellery
 j - a ring of protection (left hand)
 w - an uncursed ring of poison resistance
Wands
 c - a wand of acid (2)
 g - a wand of polymorph (2)
 t - a wand of flame (1)
Scrolls
 e - 3 scrolls of teleportation
 h - a scroll of amnesia
 m - 5 scrolls of fog
 n - a scroll of enchantment
 p - a scroll of fear
 x - a scroll of magic mapping
Potions
 d - 2 potions of might
 i - 3 potions of heal wounds
 k - a potion of agility
 q - a potion of brilliance
 u - a potion of curing
 v - a potion of haste
Comestibles
 f - 18 rations


   Skills:
 + Level 6.7 Fighting
 * Level 10.5 Axes & Hammers
 + Level 6.4 Armour
 + Level 8.3 Shields
 + Level 4.7 Evocations


You had 8 spell levels left.
You didn't know any spells.
Your spell library was empty.

Dungeon Overview and Level Annotations

Branches:
Dungeon (5/8)              Temple (1/1) D:4
   Lair: D:5

Altars:
Ashenzari
Cheibriados
Dithmenos
Fedhas
Gozag
Hepliaklqana
Kikubaaqudgha
Nemelex Xobeh
Okawaru
Qazlal
Ru
Sif Muna
Trog
Uskayaw
Vehumet
Wu Jian
Yredelemnul
Zin
The Shining One

Shops:
D:5 [

Annotations:
D:3 2 transporters, diana's ghost, novice LiDs


Innate Abilities, Weirdness & Mutations

Your stats never grow through leveling.
Your goblin ancestry allows you to find more gold. (+20%)
You are small and have problems with some larger weapons.
Your magical capacity is low. (-10% MP)
You are somewhat resistant to further mutation.
The pity of the gods increases the power of your passive and invoked divine abilities.


Message History

You block the jelly's attack.
You hit the jelly (3).
Your hands burn!
* * * LOW HITPOINT WARNING * * *
The jelly is moderately wounded. (24/37) HP You feel sick.
The jelly hits you but does no damage.
You hit the jelly (4). The acid corrodes you!
Your hands burn!
* * * LOW HITPOINT WARNING * * *
The jelly is heavily wounded. (20/37) HP The jelly hits you but does no damage.
You hit the jelly (5). The acid corrodes you!
Your hands burn!
* * * LOW HITPOINT WARNING * * *
The jelly is heavily wounded. (15/37) HP You block the jelly's attack.
You hit the jelly but do no damage.
Your hands burn!
* * * LOW HITPOINT WARNING * * *
The jelly is heavily wounded. (15/37) HP The jelly hits you (2).
* * * LOW HITPOINT WARNING * * *
You are splashed with acid (9)!
You die...

≈≈.≈.%..Y##......#
≈≈.≈≈.h.###......#
≈≈≈...### ##'#####
≈≈.... #..# ≈≈≈≈.
######'#######
.≈≈≈.
#............#
≈≈≈≈
#............#
≈≈≈≈
#.......†§...#
#.......@[...#
#...≈≈≈††J...+
#..≈≈≈≈≈.....#
#..≈≈∩≈≈.....#
#..≈≈.≈≈)....#
####≈.≈##'####
##.##..# #....##
####.#


You could see a jelly.

Vanquished Creatures
  2 yaks (D:5)
  2 phantoms
  A sky beast (D:3)
  2 ogres
  2 wolves
  2 bullfrogs
  A scorpion (D:2)
  4 killer bees
  4 hounds
  4 orc priests
  2 iguanas
  4 orc wizards
  8 worker ants
  A wyvern skeleton (D:4)
  3 adders
  2 worms (D:2)
  An ooze (D:1)
  6 leopard geckos
  12 orcs
  An adder skeleton (D:5)
  6 giant cockroaches
  12 goblins
  8 hobgoblins
  5 jackals (D:2)
  6 kobolds
  2 quokkas
  3 ball pythons
  3 bats
  6 frilled lizards
  A jackal skeleton (D:2)
  5 rats
121 creatures vanquished.

Notes
Turn   | Place    | Note
-------+----------+-------------------------------------------
     0 | D:1      | sking99 the Goblin Fighter began the quest for the Orb.
     0 | D:1      | Reached XP level 1. HP: 17/17 MP: 0/0
   117 | D:1      | Reached skill level 3 in Axes & Hammers
   183 | D:1      | Reached XP level 2. HP: 22/22 MP: 0/0
   326 | D:1      | Reached XP level 3. HP: 24/27 MP: 1/1
   687 | D:1      | Reached skill level 4 in Axes & Hammers
   988 | D:2      | Found an opulent altar of Gozag.
  1018 | D:2      | Reached XP level 4. HP: 34/34 MP: 2/2
  1946 | D:3      | Reached skill level 5 in Fighting
  1946 | D:3      | Reached skill level 5 in Axes & Hammers
  1946 | D:3      | Reached skill level 5 in Shields
  1946 | D:3      | Reached XP level 5. HP: 19/39 MP: 3/3
  2245 | D:3      | Reached XP level 6. HP: 33/45 MP: 4/4
  2563 | D:2      | Reached skill level 6 in Axes & Hammers
  3289 | D:3      | Reached XP level 7. HP: 26/51 MP: 5/5
  3755 | D:3      | Found a transporter.
  3764 | D:3      | Found a transporter.
  3764 | D:3      | Noticed diana's ghost (novice LiDs)
  3862 | D:2      | Reached skill level 7 in Axes & Hammers
  5042 | D:4      | Reached skill level 8 in Axes & Hammers
  5149 | D:4      | Found a staircase to the Ecumenical Temple.
  5165 | Temple   | Entered the Ecumenical Temple
  5358 | Temple   | Became a worshipper of Qazlal Stormbringer
  5418 | D:4      | Reached XP level 8. HP: 56/58 MP: 6/6
  5534 | D:4      | Reached skill level 1 in Evocations
  5606 | D:4      | Identified the cursed +1 robe of the Ward {*Drain MR+ Str+4
                  | Dex+2, (Curse: rC-)}
  6386 | D:5      | Entered Level 5 of the Dungeon
  6386 | D:5      | Found Juloato's Armour Boutique.
  6440 | D:5      | Reached skill level 5 in Armour
  6570 | D:5      | Reached skill level 9 in Axes & Hammers
  6719 | D:4      | Reached XP level 9. HP: 13/63 MP: 9/9
  6899 | D:5      | Reached skill level 10 in Axes & Hammers
  6931 | D:5      | Reached * piety under Qazlal
  7225 | D:5      | Splashed by a jelly's acid

Levels and vault maps discovered:
D:1:      doesnt_arrival_eight_statues, layout_loops_ring
D:2:      layout_basic, grunt_gozag_breadcrumbs, first_ration
D:3:      layout_rooms, gammafunk_ghost_smash
D:4:      layout_loops_ring, temple_doors_e, chequers_serial_rivers_small_a,
          grunt_ogre_cave
D:5:      layout_roguey, erik_lair_island, special_room [special_room_kobold],
          serial_shops, nicolae_shop_waterfront
Temple:   eino_narrow_crystal_temple

Skill      XL: |  1  2  3  4  5  6  7  8  9 |
---------------+----------------------------+-----
Axes & Hammers | 3 4 5 6 8 9 10 | 10.5
Fighting       | 5 6 |  6.7
Shields        | 5 6 7 8 |  8.3
Evocations     | 3 4 |  4.7
Armour         | 5 6 |  6.4

Action                   |  1- 3 |  4- 6 |  7- 9 || total
-------------------------+-------+-------+-------++-------
Melee: War axe           |   109 |   320 |   516 ||   945
  Use: Potion            |       |     1 |     1 ||     2
  Eat: Chunk             |     1 |     8 |    13 ||    22
Armor: Scale mail        |    32 |   141 |   146 ||   319
       Skin              |       |       |     8 ||     8
       Chain mail        |       |       |   153 ||   153
Dodge: Dodged            |    78 |   181 |   111 ||   370
Block: Buckler           |    34 |    61 |       ||    95
       Heater shield     |       |    58 |   324 ||   382
